 Dungeon Crawl Stone Soup version 0.18.1-6-gd335043 (webtiles) character file.

175452 inmateoo the Black Belt (level 18, -10/113 HPs)
             Began as a Vine Stalker Wanderer on May 16, 2016.
             Was the Champion of Cheibriados.
             Mangled by a greater naga (11 damage)
             ... on level 4 of the Snake Pit.
             The game lasted 00:50:09 (23904 turns).

inmateoo the Black Belt (Vine Stalker Wanderer)    Turns: 23904, Time: 00:50:09

Health: -10/113    AC: 29    Str: 32    XL:     18   Next: 10%
Magic:  0/28       EV: 16    Int: 30    God:    Cheibriados [******]
Gold:   574        SH:  0    Dex: 39    Spells: 9 memorised, 2 levels left

rFire  + . .     SeeInvis .       - Unarmed
rCold  . . .     Gourm    .     p - +2 crystal plate armour
rNeg   . . .     Faith    .     q - +1 buckler {rPois}
rPois  +         Spirit   +     (helmet restricted)
rElec  .         Dismiss  .     V - +2 cloak {MR+}
rCorr  .         Reflect  .     n - +0 pair of gloves
SustAt .         Harm     .     (boots unavailable)
MR     ++++.     Clarity  +     F - amulet of Vitality {Regen+ HP+15}
Stlth  ..........               v - +5 ring of slaying
                                Z - ring "Plog" {rF+ Str+3}

@: confused, lethally poisoned (-10 -> -19), very slightly contaminated,
constricted, very slow, incredibly resistant to hostile enchantments, extremely
unstealthy
A: antennae 1, fangs 3, talons 3, repulsion field 1, rugged brown scales 1,
agile 1, blink, blurry vision 1, clarity, clever 1, low mp 1, magic resistance
1, regeneration 3, magic shield, antimagic bite, no device heal 3, rot immunity
a: Blink, Bend Time, Temporal Distortion, Slouch, Step From Time, Renounce
Religion


You were on level 4 of the Snake Pit.
You worshipped Cheibriados.
Cheibriados was exalted by your worship.
You were not hungry.

You visited 4 branches of the dungeon, and saw 29 of its levels.
You also visited: Labyrinth, Bailey, Ice Cave and Volcano.

You collected 3146 gold pieces.
You spent 2572 gold pieces at shops.

Inventory:

Hand Weapons
 c - a +5 blowgun
Missiles
 J - 6 needles of paralysis
Armour
 b - the +0 pair of boots "Xeutzi Tofaw" {*Drain rC+ Regen+ Str+4}
   (You found it in a bailey)

   It affects your strength (+4).
   It protects you from cold.
   It increases your rate of regeneration.
   It causes draining when unequipped.
 n - a +0 pair of gloves (worn)
 p - a +2 crystal plate armour (worn)
 q - a +1 buckler of poison resistance (worn)
 V - a +2 cloak of magic resistance (worn)
Jewellery
 k - an uncursed ring of poison resistance
 u - an uncursed ring of protection from cold
 v - a +5 ring of slaying (right hand)
 F - the amulet of Vitality (around neck) {Regen+ HP+15}
   (You found it in a bailey)

   [amulet of regeneration]

   It affects your health (+15).
   It increases your rate of regeneration.
 K - an uncursed ring of see invisible
 L - the ring "Rorhir" {rElec rC- MR+ Stlth+}
   (You found it on level 8 of the Dungeon)

   [ring of protection from magic]

   It makes you vulnerable to cold.
   It insulates you from electricity.
   It affects your resistance to hostile enchantments.
   It makes you more stealthy.
 Q - an uncursed ring of protection from cold
 Z - the ring "Plog" (left hand) {rF+ Str+3}
   (You bought it in a shop on level 3 of the Snake Pit)

   [ring of protection from fire]

   It affects your strength (+3).
   It protects you from fire.
Wands
 d - a wand of paralysis (12/24)
 o - a wand of iceblast (9/15)
 r - a wand of polymorph (6/24)
 C - a wand of iceblast (12/15)
 H - a wand of lightning (1/15)
 I - a wand of paralysis (9/24)
 S - a wand of slowing (23/48)
 W - a wand of acid (11/15)
Scrolls
 a - 2 scrolls of enchant armour
 e - 12 scrolls of remove curse
 h - 3 scrolls of amnesia
 j - 15 scrolls of teleportation
 s - 5 scrolls of identify
 y - 8 scrolls of recharging
 M - a scroll of summoning
 P - a scroll of fog
 T - a scroll of fear
Potions
 g - 3 potions of ambrosia
 i - 10 potions of curing
 l - a potion of magic
 t - 4 potions of might
 z - 2 potions of resistance
 A - 2 potions of cure mutation
 B - 7 potions of agility
 E - a potion of cancellation
 O - 5 potions of brilliance
 R - 4 potions of flight
 U - a potion of invisibility
Books
 N - a Necronomicon

   Spells                             Type                      Level
   a - Haunt                          Necromancy/Summoning         7
   b - Borgnjor's Revivification      Necromancy                   8
   c - Death's Door                   Charms/Necromancy            8
   d - Necromutation                  Transmutation/Necromancy     8
Comestibles
 f - 14 bread rations
 m - 13 meat rations
 w - 31 fruits
 G - a royal jelly


   Skills:
 - Level 11.0 Fighting
   Level 1.7 Long Blades
 - Level 11.0 Armour
 - Level 10.0 Dodging
 - Level 2.4 Stealth
 - Level 5.0 Shields
 * Level 16.3 Unarmed Combat
 - Level 9.0 Spellcasting
 - Level 8.0 Charms
   Level 2.0 Necromancy
 - Level 9.0 Translocations
 + Level 3.0 Earth Magic
 - Level 9.2 Invocations


You had 2 spell levels left.
You knew the following spells:

 Your Spells              Type           Power        Failure   Level  Hunger
a - Apportation           Tloc           ######....   1%          1    None
b - Blink                 Tloc           N/A          2%          2    None
c - Shroud of Golubria    Chrm/Tloc      ######....   3%          2    None
d - Passage of Golubria   Tloc           N/A          21%         4    None
e - Passwall              Trmt/Erth      ###.......   69%         2    None
f - Deflect Missiles      Chrm/Air       #####.....   100%        6    #####..
g - Repel Missiles        Chrm/Air       #####.       24%         2    None
h - Lee's Rapid Deconstr  Erth           ####......   100%        5    ####...
i - Shatter               Erth           ####......   100%        9    #######


Dungeon Overview and Level Annotations

Branches:
Dungeon (15/15)            Temple (0/1) D:5            Lair (8/8) D:9
 Shoals (0/4) Lair:6        Snake (4/4) Lair:3        Slime (0/6) Lair:6
    Orc (2/2) D:10            Elf (0/3) Orc:2        Vaults (0/5) D:14
 Depths (0/5) D:15

Altars:
Ashenzari
Cheibriados
Dithmenos
Elyvilon
Fedhas
Kikubaaqudgha
Makhleb
Okawaru
Pakellas
Qazlal
Ru
Vehumet
Beogh

Shops:
D:5 [   D:6 ?   D:9 ?   D:13 ?   D:14 (%%%%   Orc:1 =(=   Orc:2 !:![:
Snake:1 (   Snake:3 =

Annotations:
D:4 Malhgor's ghost, amateur DDHu
Snake:4 Jorgrun; Vashnia


Innate Abilities, Weirdness & Mutations

You have razor-sharp teeth.
You regenerate.
When hurt, damage is shared between your health and your magic reserves.
Your bite disrupts and absorbs the magic of your enemies.
Potions and wands cannot restore your health.
You are immune to rotting.
You have a pair of small antennae on your head.
You have claws for feet.
You are surrounded by a mild repulsion field (EV +2).
You are partially covered in rugged brown scales (AC +1, +3% HP).
You are agile. (Dex +2)
You can translocate small distances at will.
Scrolls take you a little longer to read.
You possess an exceptional clarity of mind.
Your mind is acute. (Int +2)
Your magical capacity is low (-10% MP).
You are resistant to hostile enchantments.


Message History

You block the poison arrow.
The naga mage gestures at you while chanting.
The poison arrow misses you.
A naga mage comes into view.
The naga mage shouts!
Found a meat ration.
A naga warrior and 2 greater nagas come into view.
Drink which item? (? for menu, Esc to quit)
Okay, then.
Okay, then.
Drink which item? (? for menu, Esc to quit)
You are confused.
You feel invigorated.
* * * LOW HITPOINT WARNING * * *
You feel very sick.
The greater naga points at you and mumbles some strange words.
The bolt of poison hits you! You resist.
* * * LOW HITPOINT WARNING * * *
The naga barely misses you. The naga constricts you. The greater naga hits you!
You die...

#...##
.............. #...#
. ..#..... .... #..#
.. ............ #..#
... ...N. ...N. #..#
.... .......#.. ...#
...Ng ..#......
....# #N...#.N...NN.
.NNg.# #..N@.....#
......#
#....⌠...#.S......##
#..#......... #..
.......... #N
..#.....#.. # #
............ #
...%......... #
#............. #
#### ###.. ##...####
#####


You could see Jorgrun, 2 naga warriors, 3 greater nagas, a shock serpent
(wandering), 3 naga magi and a naga.

Vanquished Creatures
  Frances (D:12)
  7 greater nagas
  2 frost giants
  Aizul (Snake:4)
  An ettin (Orc:1)
  A minotaur (Lab)
  Snorg (Orc:1)
  Erolcha (Volcano)
  9 hydras
  8 naga warriors
  6 centaur warriors
  8 anacondas
  8 death yaks
  2 dancing weapons (D:14)
  A tengu warrior (D:15)
  4 ogre magi (Orc:2)
  A catoblepas (Lair:4)
  Urug (D:11)
  6 shock serpents
  Nergalle (Lair:2)
  Sonja (Lair:1)
  14 naga sharpshooters
  A slime creature (D:15)
  9 skeletal warriors
  3 unseen horrors
  A deep elf mage (D:15)
  5 hill giants
  A wizard (D:15)
  6 naga ritualists
  2 orc knights
  5 mana vipers
  A wolf spider (Lair:8)
  6 orc sorcerers (Orc:2)
  4 cyclopes
  4 griffons
  3 salamanders
  11 ugly things (D:15)
  A manticore (shapeshifter) (D:13)
  11 elephants
  36 black mambas
  19 spiny frogs
  3 centaur skeletons
  An ice statue (IceCv)
  20 naga magi
  2 gargoyles
  A yaktaur (D:14)
  7 komodo dragons
  3 rime drakes
  9 trolls
  6 two-headed ogres
  Prince Ribbit (D:8)
  Grinder (D:5)
  A wolf spider simulacrum (D:15)
  A merfolk (Bailey)
  A boulder beetle (Lair:6)
  19 blink frogs
  14 polar bears (IceCv)
  Sigmund (D:3)
  A wraith (D:13)
  7 wyverns
  A shadow (D:11)
  79 yaks
  A basilisk (shapeshifter) (D:14)
  Grum (D:8)
  7 basilisks
  17 hippogriffs
  2 hungry ghosts
  A hippogriff (shapeshifter) (D:14)
  4 vampire mosquitoes
  3 wargs
  A mottled dragon (D:13)
  40 nagas
  10 porcupines
  Duvessa (D:7)
  31 water moccasins
  A black bear (D:13)
  2 eyes of draining
  7 ice beasts
  20 orc warriors
  5 phantoms
  6 sky beasts
  5 wasps
  8 ogres
  A necrophage (D:8)
  23 wolves
  19 centaurs
  19 crocodiles
  6 big kobolds
  20 giant frogs
  A gnoll sergeant (D:8)
  Dowan (D:7)
  A wyvern zombie (D:12)
  2 wyvern skeletons
  5 scorpions
  5 killer bees
  13 wights
  A vampire bat (D:3)
  7 crimson imps
  5 centaur zombies
  20 jellies
  2 hounds
  2 quasits (D:7)
  35 orc wizards
  2 giant frog zombies
  13 orc priests
  2 giant frog skeletons
  11 iguanas
  13 worker ants
  A killer bee zombie (D:8)
  13 sheep
  A hound zombie (D:4)
  20 adders
  8 gnolls
  77 river rats
  5 shadow imps
  12 white imps (D:12)
  2 oozes (Lair:6)
  2 adder zombies
  An adder skeleton (D:8)
  3 worms
  A dart slug (D:3)
  2 giant geckos
  110 orcs
  16 bats
  4 giant cockroaches
  13 goblins
  9 hobgoblins
  6 jackals
  8 quokkas
  3 ball pythons
  2 giant newts
  17 kobolds
  7 rats
1138 creatures vanquished.

Vanquished Creatures (others)
  2 orc wizards (Orc:2)
  2 orcs (Orc:2)
  12 fungi
  12 plants
28 creatures vanquished.

Grand Total: 1166 creatures vanquished

Notes
Turn   | Place    | Note
--------------------------------------------------------------
     0 | D:1      | inmateoo the Vine Stalker Wanderer began the quest for the Orb.
     0 | D:1      | inmateoo set off with: a +2 falchion, a potion of lignification, a +0 robe, a +0 dagger, a bread ration
     0 | D:1      | Reached XP level 1. HP: 10/10 MP: 3/3
    48 | D:1      | Reached skill level 1 in Unarmed Combat
   106 | D:1      | Reached XP level 2. HP: 9/14 MP: 4/4
   375 | D:1      | Reached skill level 2 in Unarmed Combat
   672 | D:2      | Reached XP level 3. HP: 18/18 MP: 3/5
   889 | D:2      | Reached skill level 3 in Unarmed Combat
  1005 | D:2      | Reached XP level 4. HP: 17/22 MP: 6/6
  1060 | D:2      | Found a snail-covered altar of Cheibriados.
  1123 | D:2      | Became a worshipper of Cheibriados the Contemplative
  1202 | D:2      | Found an oddly glowing altar of Pakellas.
  1428 | D:3      | Found a stormy altar of Qazlal.
  1552 | D:3      | Reached skill level 4 in Unarmed Combat
  1552 | D:3      | Reached XP level 5. HP: 25/25 MP: 7/7
  1558 | D:3      | Reached * piety under Cheibriados
  1587 | D:3      | Noticed Sigmund
  1603 | D:3      | Killed Sigmund
  1603 | D:3      | Reached skill level 6 in Unarmed Combat
  1603 | D:3      | Gained mutation: You heal very quickly. [Vine Stalker growth]
  1603 | D:3      | Reached XP level 6. HP: 30/30 MP: 6/8
  1896 | D:3      | Reached ** piety under Cheibriados
  2141 | D:4      | Reached skill level 7 in Unarmed Combat
  2141 | D:4      | Reached XP level 7. HP: 14/33 MP: 6/9
  2246 | D:4      | Found an iron altar of Okawaru.
  2698 | D:4      | Noticed Malhgor's ghost (amateur DDHu)
  2753 | D:5      | Entered Level 5 of the Dungeon
  2758 | D:5      | Found a shadowy altar of Dithmenos.
  2777 | D:5      | Reached skill level 8 in Unarmed Combat
  2800 | D:5      | Found Zeoss's Armour Shop.
  2886 | D:5      | Found a shattered altar of Ashenzari.
  2964 | D:5      | Gained mutation: You have razor-sharp teeth. [Vine Stalker growth]
  2964 | D:5      | Reached XP level 8. HP: 37/37 MP: 10/10
  2966 | D:5      | Noticed Grinder
  2988 | D:5      | Killed Grinder
  2988 | D:5      | Reached skill level 9 in Unarmed Combat
  3065 | D:5      | Got a faintly glowing ring mail
  3076 | D:5      | Identified the +2 ring mail "Ulaycohe" {rCorr} (You found it on level 5 of the Dungeon)
  3183 | D:5      | Found a staircase to the Ecumenical Temple.
  3211 | D:5      | Reached *** piety under Cheibriados
  3211 | D:5      | Reached skill level 1 in Dodging
  3595 | D:6      | Reached skill level 10 in Unarmed Combat
  3667 | D:6      | Found Hewn's Magic Scroll Shoppe.
  3786 | D:6      | Reached XP level 9. HP: 38/43 MP: 7/11
  4033 | D:7      | Reached **** piety under Cheibriados
  4040 | D:7      | Gained mutation: You are agile. (Dex +2) [mutagenic meat]
  4041 | D:7      | Gained mutation: You are surrounded by a mild repulsion field (EV +2). [mutagenic meat]
  4042 | D:7      | Gained mutation: Your magical capacity is low (-10% MP). [mutagenic meat]
  4043 | D:7      | Gained mutation: You are frail (-10% HP). [mutagenic meat]
  4044 | D:7      | Gained mutation: You have a pair of small antennae on your head. [mutagenic meat]
  4201 | D:7      | Found a flagged portal.
  4225 | Bailey   | Entered a bailey
  4393 | Bailey   | Noticed an orc knight
  4394 | Bailey   | Noticed an orc knight
  4394 | Bailey   | Noticed an orc knight
  4398 | Bailey   | Noticed a merfolk
  4398 | Bailey   | an orc knight changed into a merfolk
  4399 | Bailey   | Noticed a deep troll
  4399 | Bailey   | an orc knight changed into a deep troll
  4401 | Bailey   | Noticed a cyclops
  4401 | Bailey   | an orc knight changed into a cyclops
  4476 | Bailey   | Killed a merfolk
  4476 | Bailey   | Reached skill level 11 in Unarmed Combat
  4476 | Bailey   | Reached skill level 1 in Invocations
  4564 | Bailey   | Got a pair of dazzling boots
  4575 | Bailey   | Identified the cursed +0 pair of boots "Xeutzi Tofaw" {*Drain rC+ Regen+ Str+4} (You found it in a bailey)
  4721 | D:7      | Reached ***** piety under Cheibriados
  4721 | D:7      | Reached skill level 1 in Armour
  4772 | D:7      | Noticed Dowan
  4773 | D:7      | Noticed Duvessa
  4782 | D:7      | Killed Duvessa
  4789 | D:7      | Killed Dowan
  4798 | D:7      | Reached XP level 10. HP: 44/44 MP: 11/11
  5191 | D:8      | Noticed Prince Ribbit
  5197 | D:8      | Killed Prince Ribbit
  5327 | D:8      | Noticed Grum
  5336 | D:8      | Killed Grum
  5368 | D:8      | Noticed a centaur warrior
  5385 | D:8      | Killed a centaur warrior
  5385 | D:8      | Reached skill level 12 in Unarmed Combat
  5389 | D:8      | Paralysed by something for 7 turns
  5431 | D:8      | Got a slimy granite ring
  5433 | D:8      | Identified the ring "Rorhir" {rElec rC- MR+ Stlth+} (You found it on level 8 of the Dungeon)
  5452 | D:8      | Identified Neonn's Intricacies of Magic
  5489 | D:8      | Reached skill level 5 in Fighting
  5862 | D:9      | Found Vaseju's Magic Scroll Boutique.
  5879 | D:9      | Gained mutation: You are weak. (Str -2) [potion of mutation]
  5879 | D:9      | Gained mutation: You have sharp toenails. [potion of mutation]
  5884 | D:9      | Bought a scroll of identify for 28 gold pieces
  5973 | D:9      | Reached ****** piety under Cheibriados
  6018 | D:9      | Found a staircase to the Lair.
  6125 | D:9      | Reached XP level 11. HP: 50/50 MP: 13/13
  6252 | D:9      | Found a sacrificial altar of Ru.
  6264 | D:9      | Found a white marble altar of Elyvilon.
  6377 | D:9      | Found a burning altar of Makhleb.
  6530 | D:10     | Entered Level 10 of the Dungeon
  6792 | D:10     | Reached skill level 5 in Invocations
  6816 | D:10     | Found a staircase to the Orcish Mines.
  6934 | D:10     | Noticed a hill giant
  6938 | D:10     | Killed a hill giant
  7181 | D:10     | Found a roughly hewn altar of Beogh.
  7192 | D:10     | Reached skill level 5 in Dodging
  7382 | D:11     | Noticed a hill giant
  7382 | D:11     | Noticed Urug
  7390 | D:11     | Killed a hill giant
  7405 | D:11     | Killed Urug
  7405 | D:11     | Reached skill level 13 in Unarmed Combat
  7532 | D:11     | Noticed an eight-headed hydra
  7535 | D:11     | Killed an eight-headed hydra
  7672 | D:11     | Noticed a three-headed hydra
  7679 | D:11     | Killed a three-headed hydra
  7695 | D:11     | Gained mutation: You regenerate. [Vine Stalker growth]
  7695 | D:11     | Reached XP level 12. HP: 55/55 MP: 15/15
  7736 | D:11     | Got a scorched halberd
  7737 | D:11     | Identified the +1 halberd of Xorrisuanu {chop, Dex+2} (You found it on level 11 of the Dungeon)
  8178 | D:12     | Noticed Frances
  8188 | D:12     | Killed Frances
  8188 | D:12     | Reached skill level 5 in Armour
  8199 | D:12     | Found a frozen archway.
  8241 | IceCv    | Entered an ice cave
  8351 | IceCv    | Noticed a death yak
  8366 | IceCv    | Killed a death yak
  8379 | IceCv    | Learned a level 1 spell: Apportation
  8382 | IceCv    | Learned a level 2 spell: Blink
  8385 | IceCv    | Learned a level 2 spell: Shroud of Golubria
  8390 | IceCv    | Learned a level 4 spell: Passage of Golubria
  8420 | IceCv    | Identified a scroll of acquirement
  8439 | IceCv    | Reached skill level 14 in Unarmed Combat
  8467 | IceCv    | Reached skill level 1 in Translocations
  8737 | IceCv    | Noticed a death yak
  8754 | IceCv    | Killed a death yak
  8754 | IceCv    | Reached XP level 13. HP: 60/60 MP: 17/17
  8806 | IceCv    | Noticed a frost giant
  8825 | IceCv    | Killed a frost giant
  9725 | D:13     | Lost mutation: You are weak. (Str -2) [mutagenic meat]
  9726 | D:13     | Gained mutation: You are partially covered in rugged brown scales (AC +1, +3% HP). [mutagenic meat]
  9759 | D:13     | Found a roughly hewn altar of Beogh.
  9824 | D:13     | Reached skill level 5 in Translocations
 10052 | D:13     | Reached skill level 1 in Shields
 10214 | D:13     | Found Oddu's Magic Scroll Shop.
 10233 | D:13     | Bought a scroll of identify for 28 gold pieces
 10233 | D:13     | Bought a scroll of identify for 28 gold pieces
 10233 | D:13     | Bought a scroll of identify for 28 gold pieces
 10233 | D:13     | Bought a scroll of identify for 28 gold pieces
 10334 | D:14     | Found Rynkaats's Weapon Emporium.
 10347 | D:14     | Reached XP level 14. HP: 67/67 MP: 19/19
 10372 | D:14     | Found Inus's Food Emporium.
 10427 | D:14     | Found a gate to the Vaults.
 10543 | D:14     | Gained mutation: You have razor-sharp toenails. [mutagenic meat]
 10549 | D:14     | Found Cittipti's Food Shop.
 10614 | D:14     | Found Pisain's Food Shop.
 10837 | D:14     | Reached skill level 15 in Unarmed Combat
 10967 | D:14     | Found Gioqix's Food Shoppe.
 11216 | D:15     | Entered Level 15 of the Dungeon
 11277 | D:15     | Lost mutation: You are frail (-10% HP). [mutagenic meat]
 11278 | D:15     | Gained mutation: Scrolls take you a little longer to read. [mutagenic meat]
 11279 | D:15     | Gained mutation: You possess an exceptional clarity of mind. [mutagenic meat]
 11288 | D:15     | Gained mutation: Your mind is acute. (Int +2) [mutagenic meat]
 11290 | D:15     | Gained mutation: Your spells are a little easier to cast, but a little less powerful. [mutagenic meat]
 11763 | D:15     | Gained mutation: You can translocate small distances at will. [mutagenic meat]
 11766 | D:15     | Gained mutation: You are resistant to hostile enchantments. [mutagenic meat]
 11768 | D:15     | Lost mutation: Your spells are a little easier to cast, but a little less powerful. [mutagenic meat]
 11769 | D:15     | Gained mutation: You have claws for feet. [mutagenic meat]
 11986 | D:15     | Found a staircase to the Depths.
 11986 | D:15     | Noticed a frost giant
 11997 | D:15     | Killed a frost giant
 12034 | D:15     | Found a blossoming altar of Fedhas.
 12306 | Lair:1   | Entered Level 1 of the Lair of Beasts
 12699 | Lair:1   | Noticed Sonja
 12705 | Lair:1   | Killed Sonja
 12705 | Lair:1   | Reached skill level 5 in Spellcasting
 12705 | Lair:1   | Reached XP level 15. HP: 80/80 MP: 21/21
 13200 | Lair:2   | Noticed Nergalle
 13216 | Lair:2   | Killed Nergalle
 13311 | Lair:2   | Found a labyrinth entrance.
 13324 | Lab      | Entered a labyrinth
 13401 | Lab      | Got a jewelled cloak
 13404 | Lab      | Identified the +0 cloak of Lautevod {-Cast +Blink rPois Dex-3} (You acquired it in a labyrinth)
 13407 | Lab      | Identified the Guide on Earth
 13434 | Lair:2   | Learned a level 2 spell: Passwall
 13441 | Lair:2   | Learned a level 6 spell: Deflect Missiles
 14443 | Lair:3   | Found a staircase to the Snake Pit.
 14504 | Lair:3   | Reached skill level 1 in Earth Magic
 15597 | Lair:4   | Reached skill level 16 in Unarmed Combat
 16840 | Lair:6   | Found a staircase to the Shoals.
 16959 | Lair:6   | Reached skill level 10 in Fighting
 17111 | Lair:6   | Reached XP level 16. HP: 88/88 MP: 23/23
 17182 | Lair:6   | Found a staircase to the Slime Pits.
 17658 | Lair:7   | Learned a level 2 spell: Repel Missiles
 18188 | Lair:8   | Entered Level 8 of the Lair of Beasts
 18350 | Lair:8   | Learned a level 5 spell: Lee's Rapid Deconstruction
 19379 | Orc:1    | Entered Level 1 of the Orcish Mines
 19379 | Orc:1    | Found Uvic's Weapon Boutique.
 19396 | Orc:1    | Found a dark tunnel.
 19429 | Orc:1    | Noticed Snorg
 19437 | Orc:1    | Killed Snorg
 19448 | Volcano  | Entered a volcano
 19501 | Volcano  | Noticed Erolcha
 19508 | Volcano  | Killed Erolcha
 19552 | Volcano  | Reached skill level 10 in Dodging
 19627 | Orc:1    | Found Usuen's Jewellery Boutique.
 19645 | Orc:1    | Bought a +5 ring of slaying for 1705 gold pieces
 19743 | Orc:1    | Found Pioqirph's Jewellery Shoppe.
 20012 | Orc:2    | Entered Level 2 of the Orcish Mines
 20078 | Orc:2    | Reached skill level 5 in Shields
 20161 | Orc:2    | Found a staircase to the Elven Halls.
 20188 | Orc:2    | Found a roughly hewn altar of Beogh.
 20281 | Orc:2    | Found Zaibeiraf's Distillery.
 20316 | Orc:2    | Found Baofyhud's Book Shoppe.
 20354 | Orc:2    | Found an ancient bone altar of Kikubaaqudgha.
 20364 | Orc:2    | Found Bus Ruos's Antique Armour Emporium.
 20385 | Orc:2    | Found Asi Xacy's Book Shoppe.
 20385 | Orc:2    | Found a roughly hewn altar of Beogh.
 20466 | Orc:2    | Found a radiant altar of Vehumet.
 20650 | Orc:2    | Found Joijiylu's Distillery.
 21000 | Snake:1  | Entered Level 1 of the Snake Pit
 21000 | Snake:1  | Found Qaankaqig's Antique Weapon Emporium.
 21392 | Snake:1  | Reached XP level 17. HP: 93/93 MP: 28/28
 21437 | Snake:1  | Found a stormy altar of Qazlal.
 21769 | Snake:2  | Reached skill level 10 in Armour
 21809 | Snake:2  | Learned a level 9 spell: Shatter
 22641 | Snake:3  | Found Ocsistae's Jewellery Emporium.
 22653 | Snake:3  | Bought the ring "Plog" {rF+ Str+3} for 727 gold pieces
 22827 | Snake:3  | Reached skill level 5 in Charms
 23291 | Snake:4  | Entered Level 4 of the Snake Pit
 23346 | Snake:4  | Noticed Aizul
 23360 | Snake:4  | Killed Aizul
 23633 | Snake:4  | Noticed Vashnia
 23846 | Snake:4  | Reached XP level 18. HP: 98/98 MP: 28/28
 23903 | Snake:4  | Noticed Jorgrun
 23903 | Snake:4  | HP: 4/113 [greater naga/splash of poison (3)]
 23904 | Snake:4  | HP: 1/113 [greater naga/bolt of poison (1)]
 23904 | Snake:4  | Mangled by a greater naga

Skill      XL: |  1  2  3  4  5  6  7  8  9 10 11 12 13 14 15 16 17 18 |
---------------+-------------------------------------------------------+-----
Unarmed Combat | 1 2 3 4 6 7 8 10 11 12 13 14 15 16 | 16.3
Dodging        | 1 3 4 5 6 7 8 10 | 10.0
Fighting       | 2 4 5 6 7 8 10 11 | 11.0
Invocations    | 2 4 6 7 8 9 |  9.2
Armour         | 1 3 4 5 6 7 8 11 | 11.0
Translocations | 2 5 7 9 |  9.0
Spellcasting   | 2 3 5 9 |  9.0
Shields        | 1 3 4 5 |  5.0
Earth Magic    | 1 2 3 |  3.0
Charms         | 8 |  8.0
Long Blades    | |  1.7
Stealth        | |  2.4
Necromancy     | |  2.0

Action                   |  1- 3 |  4- 6 |  7- 9 | 10-12 | 13-15 | 16-18 || total
-------------------------+-------+-------+-------+-------+-------+-------++-------
Melee: Falchion          |   130 |    27 |       |       |       |       ||   157
       Bite              |    32 |    36 |   110 |   352 |   749 |   544 ||  1823
       Unarmed           |       |    72 |   227 |   606 |  1181 |   964 ||  3050
       Punch             |       |     6 |    11 |    41 |    14 |       ||    72
       Halberd           |       |       |    41 |       |       |       ||    41
       Kick              |       |       |       |       |   420 |   571 ||   991
 Fire: Blowgun           |       |       |    26 |       |       |       ||    26
 Cast: Blink             |       |       |       |       |       |     3 ||     3
       Repel Missiles    |       |       |       |       |       |     2 ||     2
       Passage of Golubr |       |       |       |       |       |     2 ||     2
Invok: Slouch            |       |       |       |       |     1 |       ||     1
Evoke: Wand              |       |       |     9 |       |     1 |       ||    10
  Use: Scroll            |     6 |     1 |     7 |     9 |    24 |     5 ||    52
       Potion            |       |     1 |       |     1 |       |     1 ||     3
 Stab: Sleeping          |     5 |     1 |     2 |       |       |       ||     8
       Paralysed         |       |       |       |       |     1 |       ||     1
  Eat: Chunk             |       |     3 |    10 |    11 |    29 |    13 ||    66
       Beef jerky        |       |       |       |       |     1 |     2 ||     3
       Pizza             |       |       |       |       |     6 |     2 ||     8
       Fruit             |       |       |       |       |     1 |       ||     1
Armor: Ring mail         |    60 |    43 |    66 |       |       |       ||   169
       Robe              |     4 |       |       |       |       |       ||     4
       Skin              |       |    31 |       |       |       |       ||    31
       Crystal plate arm |       |       |    26 |   412 |   553 |   328 ||  1319
Dodge: Dodged            |    75 |    72 |   134 |   340 |   608 |   571 ||  1800
       Deflected         |       |       |       |       |       |    18 ||    18
Block: Buckler           |       |       |       |       |   420 |   411 ||   831
